 Dungeon Crawl Stone Soup version 0.28.0-43-g3370ac3207 (webtiles) character file.

Game seed: 11236108543842394798

138 terff the Skirmisher (level 5, -1/41 HPs)
             Began as a Demonspawn Fighter on Mar 21, 2022.
             Killed by an exploding gnoll (9 damage)
             ... ignited by their inner flame
             ... on level 3 of the Dungeon.
             The game lasted 00:07:23 (2383 turns).

terff the Skirmisher (Demonspawn Fighter)           Turns: 2383, Time: 00:07:26

Health: -1/41      AC:  4    Str: 18    XL:     5   Next: 1%
Magic:  5/5        EV: 14    Int: 10    God:
Gold:   92         SH:  4    Dex: 12    Spells: 4/4 levels left

rFire   + . .      SeeInvis .   a - +1 war axe
rCold   + . .      Faith    .   c - +0 buckler
rNeg    . . .      Spirit   .   n - +2 robe {rC+ rF+}
rPois   .          Reflect  .   (no helmet)
rElec   .          Harm     .   (no cloak)
rCorr   .          Rampage  .   (no gloves)
Will    .....                   (no boots)
Stlth   +.........              (no amulet)
HPRegen 0.13/turn               (no ring)
MPRegen 0.09/turn               (no ring)

@: no status effects
A: repulsion field 2, ignite blood 1
a: no special abilities


You were on level 3 of the Dungeon.
You visited 1 branch of the dungeon, and saw 4 of its levels.

You collected 92 gold pieces.

Inventory:

Hand Weapons
 a - a +1 war axe (weapon)
Armour
 c - a +0 buckler (worn)
 h - a +0 pair of gloves
 n - a +2 robe of resistance (worn)
Scrolls
 f - a scroll of teleportation {unknown}
 g - a scroll of immolation
 j - a scroll of silence {unknown}
 m - a scroll of vulnerability {unknown}
Potions
 d - a potion of might
 e - a potion of attraction {unknown}
 i - 2 potions of flight
 k - a potion of degeneration {unknown}
 l - a potion of lignification {unknown}


   Skills:
 + Level 3.6 Fighting
 + Level 3.2 Axes
 + Level 3.4 Armour
 * Level 0.9 Dodging
 + Level 3.0 Shields


You had 4 spell levels left.
You didn't know any spells.
Your spell library was empty.

Dungeon Overview and Level Annotations

Branches:
Dungeon (4/15)
 Temple: D:4-7

Altars:
Ashenzari
Qazlal


Innate Abilities, Weirdness & Mutations

You are surrounded by a moderate repulsion field. (EV +3)
Your demonic aura sometimes causes spilled blood to erupt in flames.


Message History

The gnoll closely misses you.
A gnoll comes into view. It is wielding a +0 spear.
The gnoll misses you.
The gnoll shouts!
You hit the gnoll.
You kill the gnoll!
You hear a shout!
The gnoll hits you from afar with a +0 spear.
A gnoll comes into view. It is wielding a +0 whip.
A gnoll comes into view. It is wielding a +0 whip.
The gnoll barely misses you. You block the gnoll's attack.
Sorry, you're not good enough to have a special ability.
The gnoll hits you from afar with a +0 spear.
The gnoll closely misses you.
You hit the gnoll.
The gnoll is heavily wounded.
You block the gnoll's attack. The gnoll hits you with a +0 whip!
The gnoll hits you with a +0 spear!
* * * LOW HITPOINT WARNING * * *
You slash the gnoll!
You kill the gnoll!
You closely miss the gnoll. The gnoll hits you with a +0 whip.
* * * LOW HITPOINT WARNING * * *
You have reached level 5!
Okay, then.
As you read the scroll of immolation, it crumbles to dust.
The creatures around you are filled with an inner flame!
You block the gnoll's attack. The gnoll misses you.
You see here a hobgoblin corpse.
You closely miss the gnoll. You block the gnoll's attack.
The gnoll closely misses you.
You closely miss the gnoll. The gnoll closely misses you.
You slash the gnoll!
Flame seeps out of the gnoll.
The gnoll is severely wounded.
The gnoll is engulfed in blazing flames.
The gnoll explodes!
The fiery explosion engulfs the gnoll!
The fiery explosion engulfs you! You resist.
You die...

######...........##.. ###
##.g......############
#.#####g......###..)....#
#..#....#.......#8.....8#
#....####.....###.......#
#.....######### #8.....8#
#.##.)..### #.......#
######.###....§#######8.....8#
.............○§○@....#.......#
###########...##§..###8..÷..8##
#########..........)###
####....÷..)).. ##.......()..
#........).). ###...........>
#.............. #........#..[..


There were no monsters in sight!

Vanquished Creatures
  An orc wizard (D:3)
  4 gnolls (D:3)
  4 adders
  3 orcs
  5 ball pythons
  An endoplasm (D:1)
  2 giant cockroaches (D:2)
  6 hobgoblins
  2 kobolds
  6 quokkas
  4 bats
  2 frilled lizards (D:1)
  10 goblins
  5 rats
55 creatures vanquished.

Vanquished Creatures (others)
  5 plants (D:2)
5 creatures vanquished.

Grand Total: 60 creatures vanquished

Notes
Turn   | Place    | Note
-------+----------+-------------------------------------------
     0 | D:1      | terff the Demonspawn Fighter began the quest for the Orb.
     0 | D:1      | Reached XP level 1. HP: 18/18 MP: 1/1
   184 | D:1      | Gained mutation: Your demonic aura sometimes causes spilled
                  | blood to erupt in flames. [demonic ancestry]
   184 | D:1      | Reached XP level 2. HP: 24/24 MP: 2/2
   749 | D:2      | Gained mutation: You are surrounded by a mild repulsion
                  | field. (EV +2) [demonic ancestry]
   749 | D:2      | Reached XP level 3. HP: 29/29 MP: 3/3
   898 | D:2      | Found a faded altar of an unknown god.
   916 | D:2      | Found a stormy altar of Qazlal.
  1714 | D:3      | Gained mutation: You are surrounded by a moderate repulsion
                  | field. (EV +3) [demonic ancestry]
  1714 | D:3      | Reached XP level 4. HP: 18/35 MP: 4/4
  2180 | D:3      | Found a broken altar of Ashenzari.
  2375 | D:3      | Reached XP level 5. HP: 6/41 MP: 5/5
  2383 | D:3      | Killed by an exploding gnoll... ignited by their inner
                  | flame

Illustrated notes

Levels and vault maps discovered:
D:1:      minmay_arrival_doors, layout_basic
D:2:      layout_basic, basic_altar, shapermc_ecumenical_altar_mp_ritualfount,
          serial_bayou_lagoon_a, minmay_misc_feat_rows
D:3:      kennysheep_the_goblin_king, layout_rooms,
          lemuel_coloured_pillars_altar, nicolae_overflow_hidden_temple,
          nicolae_ashenzari_skybound, minmay_fractal_squares_diagonal_5
D:4:      layout_cave_pools

Skill      XL: |  1  2  3  4 |
---------------+-------------+-----
Axes           | 2 3 |  3.2
Armour         | 3 |  3.4
Shields        | 3 |  3.0
Fighting       | |  3.6
Dodging        | |  0.9

Action                   |  1- 3 |  4- 6 || total
-------------------------+-------+-------++-------
Melee: War axe           |   110 |    35 ||   145
  Use: Scroll            |     5 |     1 ||     6
Armor: Scale mail        |    55 |     5 ||    60
       Robe              |       |     2 ||     2
Dodge: Dodged            |    67 |    30 ||    97
Block: Buckler           |    29 |    12 ||    41
